 Dungeon Crawl Stone Soup version 0.29-a0-416-g83a48905f1 (webtiles) character file.

Game seed: 238375148967819667

8209 iguanaiguana the Transmogrifier (level 11, -6/50 HPs)
             Began as a Vine Stalker Brigand on May 16, 2022.
             Was a Follower of Uskayaw.
             Mangled by a komodo dragon (15 damage)
             ... on level 10 of the Dungeon.
             The game lasted 00:26:32 (8982 turns).

iguanaiguana the Transmogrifier (VSBr)              Turns: 8982, Time: 00:26:33

Health: -6/50      AC:  8    Str: 34    XL:     11   Next: 27%
Magic:  0/21       EV: 11    Int: 11    God:    Uskayaw [*.....]
Gold:   332        SH:  0    Dex: 19    Spells: 17/22 levels left

rFire   . . .      SeeInvis .     - Unarmed
rCold   . . .      Faith    .   (shield currently unavailable)
rNeg    . . .      Spirit   +   v - +1 leather armour of Bequeathed Wonder {Str+7}
rPois   .          Reflect  .   (no helmet)
rElec   .          Harm     .   c - +0 cloak
rCorr   .          Rampage  .   (gloves currently unavailable)
Will    +....                   N - +2 pair of boots
Stlth   +++.......              h - amulet of the acrobat
HPRegen 0.96/turn               m - +6 ring of strength
MPRegen 0.17/turn               b - +6 ring of strength

@: blade hands
A: fangs 3, regeneration 1, magic shield, antimagic bite, no potion heal 2
a: End Transformation, Renounce Religion, Stomp


You were on level 10 of the Dungeon.
You worshipped Uskayaw.
Uskayaw was noncommittal.
You had blades for hands.
You visited 2 branches of the dungeon, and saw 11 of its levels.
You also visited: Bailey.

You collected 872 gold pieces.
You spent 540 gold pieces at shops.

Inventory:

Missiles
 d - 31 poisoned darts (quivered)
 r - a curare-tipped dart
 O - 2 throwing nets
Armour
 a - +1 acid dragon scales
 c - a +0 cloak (worn)
 v - the +1 leather armour of Bequeathed Wonder (worn) {Str+7}
   (You bought it in a shop on level 5 of the Dungeon)

   Str:       It affects your strength (+7).
 E - a +0 pair of gloves (melded)
 N - a +2 pair of boots (worn)
Jewellery
 b - a +6 ring of strength (right blade hand)
 h - an amulet of the acrobat (around neck)
 m - a +6 ring of strength (left blade hand)
 x - a +6 ring of dexterity
Wands
 o - a wand of flame (19)
 y - a wand of polymorph (1)
 B - a wand of mindburst (11)
 L - a wand of acid (4) {@v1}
Scrolls
 f - 2 scrolls of fear
 g - 2 scrolls of blinking {@r4}
 j - 3 scrolls of fog
 k - 10 scrolls of teleportation {@r3}
 n - 2 scrolls of noise
 q - 4 scrolls of silence
 s - a scroll of magic mapping {@r5}
 H - 2 scrolls of vulnerability
Potions
 i - 3 potions of might {@q3}
 l - 5 potions of curing {@q1}
 p - a potion of ambrosia {unknown}
 t - 2 potions of mutation
 u - a potion of experience {unknown}
 z - 4 potions of cancellation
 D - a potion of resistance {unknown}
 G - a potion of haste {unknown}
 I - a potion of lignification {unknown}
 J - 2 potions of magic {unknown}
 K - 2 potions of brilliance {unknown}
 M - a potion of attraction {unknown}
Miscellaneous
 e - a tin of tremorstones (2/2)


   Skills:
 - Level 1.8 Fighting
 - Level 5.4 Short Blades
 - Level 1.8 Throwing
 - Level 0.7 Dodging
 - Level 4.8 Stealth
 - Level 10.0 Unarmed Combat
 - Level 6.0 Spellcasting
 + Level 11.2 Transmutations


You had 17 spell levels left.
You knew the following spells:

 Your Spells              Type           Power      Damage    Failure   Level
a - Blade Hands           Tmut           14%        N/A       36%         5

Your spell library contained the following spells:

 Spells                   Type           Power      Damage    Failure   Level
 Passwall                 Tmut/Erth      12%        N/A       26%         2
 Summon Small Mammal      Summ           12%        N/A       65%         1
 Ensorcelled Hibernation  Hex/Ice        6%         N/A       75%         2
 Scorch                   Fire           6%         2d5       75%         2
 Call Canine Familiar     Summ           3%         N/A       89%         3
 Gell's Gravitas          Tloc           3%         N/A       89%         3
 Portal Projectile        Hex/Tloc       6%         N/A       89%         3
 Summon Guardian Golem    Hex/Summ       3%         N/A       89%         3
 Swiftness                Air            3%         N/A       89%         3
 Teleport Other           Tloc           3%         N/A       89%         3
 Tukima's Dance           Hex            3%         N/A       89%         3
 Anguish                  Hex/Necr       1%         N/A       99%         4
 Flame Wave               Conj/Fire      3%         2d4       99%         4
 Excruciating Wounds      Necr           1%         N/A       100%        5
 Dispersal                Tloc           1%         N/A       100%        6
 Summon Cactus Giant      Summ           1%         N/A       100%        6
 Enfeeble                 Hex            1%         N/A       100%        7


Dungeon Overview and Level Annotations

Branches:
Dungeon (10/15)            Temple (1/1) D:6          Bailey (visited)
   Lair: D:8-11         Orc: D:9-12

Altars:
Ashenzari
Cheibriados
Dithmenos
Elyvilon
Fedhas
Gozag
Kikubaaqudgha
Makhleb
Nemelex Xobeh
Qazlal
Ru
Sif Muna
Trog
Uskayaw
Vehumet
Wu Jian
Xom
Yredelemnul
Zin
The Shining One

Shops:
D:2 *   D:5 *[

Annotations:
D:4 3 runed translucent doors, chopper's ghost, amateur MiFi; hquester's ghost, amateur DgWn


Innate Abilities, Weirdness & Mutations

You have blades for hands.
Your spellcasting is less reliable in this form.
You are incapable of wielding weapons or throwing items.
You have razor-sharp teeth.
Your natural rate of healing is unusually fast.
When hurt, damage is shared between your health and your magic reserves.
Your bite disrupts and absorbs the magic of your enemies.
Potions cannot restore your health.


Message History

The shadow slips into darkness.
The shadow flickers and vanishes!
Deactivating autopickup; reactivate with Ctrl-A.
Uskayaw will force your foes to helplessly watch your dance.
Uskayaw prepares the audience for your solo!
You closely miss something.
The shadow strikes at you from the darkness!
* * * LOW HITPOINT WARNING * * *
Reactivating autopickup.
You hear a shout!
You closely miss the shadow. You bite the shadow, but do no damage.
The shadow is almost destroyed.
You hear a shout!
You hear an angry hiss.
The shadow closely misses you.
Uskayaw prepares the audience for your solo!
The helpless shadow fails to defend itself.
You pummel the shadow!!
You destroy the shadow!
g - 2 scrolls of blinking {@r4} (gained 1)
You start resting.
A komodo dragon comes into view.
You can no longer pass through a line of other dancers.
Casting: Blade Hands (quite dangerous; 6% risk of failure)
Confirm with . or Enter, or press ? or * to list all spells.
The spell is quite dangerous to miscast (6% risk of failure)!
Continue anyway?
Your hands turn into razor-sharp scythe blades.
Your +0 pair of gloves melds into your body.
A komodo dragon is nearby!
You barely miss the komodo dragon. You bite the komodo dragon.
You drain its power.
You feel invigorated.
The komodo dragon is lightly wounded.
The komodo dragon bites you!!
You barely miss the komodo dragon.
The komodo dragon is lightly wounded.
The komodo dragon bites you!!
* * * LOW HITPOINT WARNING * * *
You barely miss the komodo dragon.
The komodo dragon is lightly wounded.
The komodo dragon bites you!
You die...

...#####...########. ...
#...# #.P.#####...########
.P.................
.P.................
.P.###..########### #...#
#..# ######...###..########
......โ‰ˆ..l@.........>
.....โ‰ˆ....).........
#...ยง.#####........
#########...โ‰ˆ.#####..######
............l..............
..................(........
######......_..........(...
#..###...###..########
#.............####


You could see a komodo dragon.

Vanquished Creatures
  2 vault guards (Bailey)
  2 two-headed ogres
  Joseph (D:8)
  A troll (D:9)
  A hornet (D:9)
  Prince Ribbit (Bailey)
  3 shadows
  2 wyverns
  5 humans (Bailey)
  3 acid dragons
  3 water moccasins
  3 orc warriors
  A black bear (D:5)
  2 ogres (D:5)
  2 centaurs (D:8)
  2 phantoms (D:6)
  A kobold brigand (D:9)
  A necrophage (D:6)
  6 bullfrogs (Bailey)
  3 scorpions
  Blork the orc (D:6)
  A wight (D:7)
  5 killer bees (D:7)
  2 howler monkeys (D:10)
  3 crimson imps (D:7)
  3 hounds
  A jelly (D:4)
  A gnoll shaman (D:7)
  2 orc priests
  4 iguanas
  2 orc wizards
  5 gnolls (D:7)
  7 adders
  A shadow imp (D:8)
  A white imp (D:5)
  A worm (D:4)
  5 dart slugs
  22 orcs
  10 endoplasms
  18 giant cockroaches
  13 goblins
  8 hobgoblins
  2 jackals (D:2)
  4 quokkas
  11 ball pythons
  3 bats
  4 frilled lizards
  13 kobolds
  5 rats
203 creatures vanquished.

Vanquished Creatures (collateral kills)
  A human (Bailey)
  A goblin (Bailey)
2 creatures vanquished.

Vanquished Creatures (others)
  23 plants (D:1)
  6 withered plants (D:4)
29 creatures vanquished.

Grand Total: 234 creatures vanquished

Notes
Turn   | Place    | Note
-------+----------+-------------------------------------------
     0 | D:1      | iguanaiguana the Vine Stalker Brigand began the quest for
                  | the Orb.
     0 | D:1      | Reached XP level 1. HP: 11/11 MP: 2/2
   186 | D:1      | Reached XP level 2. HP: 15/15 MP: 3/3
   565 | D:1      | Reached XP level 3. HP: 18/18 MP: 4/4
  1092 | D:1      | Found a faded altar of an unknown god.
  1485 | D:2      | Gained mutation: Your natural rate of healing is unusually
                  | fast. [Vine Stalker growth]
  1485 | D:2      | Reached XP level 4. HP: 18/23 MP: 3/5
  1573 | D:2      | Found a shimmering blue altar of Sif Muna.
  1601 | D:2      | Found Xagroniec's Assorted Antiques.
  1611 | D:2      | Bought a sedimented cyan potion for 20 gold pieces
  1611 | D:2      | Bought a smoky grey potion for 20 gold pieces
  1611 | D:2      | Bought a scroll labelled FIQEDU DEAMITOEST for 23 gold
                  | pieces
  1611 | D:2      | Bought a scroll labelled RACSOGE GOQUNT for 23 gold pieces
  1611 | D:2      | Bought a scroll labelled COANAKHL WENIN for 23 gold pieces
  2189 | D:3      | Found a bloodstained altar of Trog.
  2201 | D:3      | Reached XP level 5. HP: 26/26 MP: 6/6
  2661 | D:4      | Found a runed translucent gate.
  2662 | D:4      | Found a runed translucent gate.
  2663 | D:4      | Found a runed translucent gate.
  2666 | D:4      | Noticed hquester's ghost (amateur DgWn)
  2666 | D:4      | Noticed chopper's ghost (amateur MiFi)
  2811 | D:4      | Found a stormy altar of Qazlal.
  3039 | D:4      | Reached skill level 5 in Short Blades
  3351 | D:5      | Entered Level 5 of the Dungeon
  3443 | D:5      | Reached XP level 6. HP: 28/30 MP: 7/7
  3533 | D:5      | Found Qacech's Armour Emporium.
  3538 | D:5      | Bought a +0 pair of gloves for 58 gold pieces
  3649 | D:5      | Noticed a wyvern
  3657 | D:5      | Killed a wyvern
  3658 | D:5      | Reached XP level 7. HP: 16/34 MP: 3/8
  3789 | D:5      | Found an opulent altar of Gozag.
  3790 | D:5      | Found Gozag's Platinum Reserve.
  4029 | D:5      | Reached skill level 5 in Unarmed Combat
  4363 | D:6      | Noticed a two-headed ogre
  4370 | D:6      | Killed a two-headed ogre
  4371 | D:6      | Gained mutation: You have razor-sharp teeth. [Vine Stalker
                  | growth]
  4371 | D:6      | Reached XP level 8. HP: 39/39 MP: 9/9
  4423 | D:6      | Noticed Blork the orc
  4428 | D:6      | Killed Blork the orc
  4601 | D:6      | Found a staircase to the Ecumenical Temple.
  4622 | Temple   | Entered the Ecumenical Temple
  4832 | Temple   | Became a worshipper of Uskayaw the Reveller
  4894 | D:6      | Found an ornate altar of the Wu Jian Council.
  4897 | D:6      | Reached * piety under Uskayaw
  5058 | D:6      | Reached ** piety under Uskayaw
  5270 | D:6      | Reached XP level 9. HP: 41/42 MP: 10/10
  5450 | D:6      | Reached *** piety under Uskayaw
  5452 | D:6      | Reached skill level 10 in Unarmed Combat
  5452 | D:6      | Reached skill level 1 in Transmutations
  5455 | D:6      | Reached **** piety under Uskayaw
  5547 | D:7      | Reached skill level 2 in Transmutations
  5574 | D:7      | Reached skill level 3 in Transmutations
  5860 | D:7      | Found a shimmering blue altar of Sif Muna.
  5929 | D:7      | Found an ancient bone altar of Kikubaaqudgha.
  5951 | D:7      | Found a shimmering altar of Xom.
  6008 | D:7      | Reached skill level 4 in Transmutations
  6514 | D:8      | Reached skill level 5 in Transmutations
  6706 | D:8      | Noticed Joseph
  6722 | D:8      | HP: 1/42 [Joseph/+0 quarterstaff (9)]
  6768 | D:8      | Killed Joseph
  6769 | D:8      | Reached skill level 6 in Transmutations
  6918 | D:5      | Bought the +1 leather armour of Bequeathed Wonder {Str+7}
                  | for 373 gold pieces
  7072 | D:7      | Reached skill level 7 in Transmutations
  7109 | D:8      | Reached XP level 10. HP: 29/46 MP: 6/11
  7241 | D:8      | Learned a level 5 spell: Blade Hands
  7293 | D:8      | Noticed a two-headed ogre
  7296 | D:8      | Killed a two-headed ogre
  7297 | D:8      | Reached skill level 8 in Transmutations
  7474 | D:9      | Reached skill level 1 in Spellcasting
  7504 | D:9      | Found a flagged portal.
  7518 | Bailey   | Entered a bailey
  7536 | Bailey   | Reached skill level 9 in Transmutations
  7545 | Bailey   | Reached ***** piety under Uskayaw
  7637 | Bailey   | Noticed a vault guard
  7637 | Bailey   | Noticed Prince Ribbit
  7649 | Bailey   | Killed a vault guard
  7653 | Bailey   | Killed Prince Ribbit
  7720 | Bailey   | Noticed a vault guard
  7732 | Bailey   | Killed a vault guard
  7733 | Bailey   | Reached skill level 10 in Transmutations
  7846 | Bailey   | Reached skill level 5 in Spellcasting
  7849 | Bailey   | Reached XP level 11. HP: 50/50 MP: 19/19
  8606 | D:9      | Found a sparkling altar of Nemelex Xobeh.
  8653 | D:9      | Reached skill level 11 in Transmutations
  8757 | D:9      | Found a shadowy altar of Dithmenos.
  8821 | D:10     | Entered Level 10 of the Dungeon
  8904 | D:10     | Found a glowing golden altar of the Shining One.
  8982 | D:10     | Mangled by a komodo dragon

Illustrated notes

Levels and vault maps discovered:
D:1:      roderic_crop_circles_arrival_small, layout_basic,
          shapermc_ecumenical_altar_petra, st_stairs_5,
          nicolae_figureground_pulse
D:2:      minmay_roachtagon, layout_rooms, serial_shops,
          nicolae_shop_temple_entry_statues_fountains, kennysheep_flooded_box,
          nicolae_concentric_dashed_squares_mild, kennysheep_generic_room_4
D:3:      layout_rooms, mainiacjoe_overflow_brackets, roderic_serpentine_path,
          dreamdust_wishing_well, nicolae_underground_beach
D:4:      layout_loops_ring, old_standard_altar, gammafunk_ghost_cemetery,
          minmay_hedge_maze
D:5:      layout_loops_corners, nicolae_gozag_zags_fifth_avenue, serial_shops,
          shop
D:6:      layout_loops_corners, lemuel_tele_altar,
          minmay_temple_entry_sparse_star, minivault_26, uniq_blork_the_orc
D:7:      layout_loops_ring, led_xom_imps, mainiacjoe_overflow_large_starburst,
          chequers_serial_rivers_micro_e, nicolae_zen_rock_garden,
          kennysheep_generic_room_14
D:8:      layout_rooms, serial_aquarium, aquarium_bridge_straight
          [aquarium_subvault_bridge, aquarium_subvault_wall,
          aquarium_subvault_bridge, aquarium_subvault_wall],
          aquarium_bridge_long_joined [aquarium_subvault_bridge,
          aquarium_subvault_bridge, aquarium_subvault_window,
          aquarium_subvault_bridge, aquarium_subvault_window,
          aquarium_subvault_bridge], aquarium_window_1,
          aquarium_window_corridor_1, aquarium_window_fake, aquarium_view_2c,
          aquarium_view_2f, aquarium_pool_2, uniq_joseph
D:9:      layout_irregular_city, nemelex_spade_bored_becter,
          lemuel_coloured_pillars_altar, enter_bailey_5
D:10:     layout_long_grid, mainiacjoe_overflow_boulevard,
          nzn_hepliaklqana_mist_gate, okawaru_humans, dpeg_oklobed_lair,
          hiddenorc1_lemuel, uniq_erica
Temple:   dpeg_chambers_temple

Skill      XL: |  1  2  3  4  5  6  7  8  9 10 11 |
---------------+----------------------------------+-----
Short Blades   | 2 3 4 5 |  5.4
Unarmed Combat | 4 8 9 10 | 10.0
Transmutations | 7 10 11 | 11.2
Spellcasting   | 5 6 |  6.0
Fighting       | |  1.8
Throwing       | |  1.8
Dodging        | |  0.7
Stealth        | |  4.8

Action                   |  1- 3 |  4- 6 |  7- 9 | 10-12 || total
-------------------------+-------+-------+-------+-------++-------
Melee: Dagger            |   136 |   126 |    49 |       ||   311
       Bite              |    47 |    40 |    69 |    46 ||   202
       Punch             |       |     2 |    10 |    12 ||    24
       Unarmed           |       |       |   168 |   145 ||   313
Throw: Dart              |       |     1 |     6 |     2 ||     9
 Cast: Blade Hands       |       |       |       |     1 ||     1
Evoke: Wand              |       |     3 |     9 |     3 ||    15
  Use: Scroll            |       |     4 |     6 |    10 ||    20
 Stab: Sleeping          |    10 |    15 |     7 |     3 ||    35
       Paralysed         |       |       |     6 |     8 ||    14
       Distracted        |       |       |     1 |     1 ||     2
Armor: Robe              |     8 |       |       |       ||     8
       Ring mail         |    53 |    30 |    50 |       ||   133
       Leather armour    |       |       |    13 |    36 ||    49
Dodge: Dodged            |    72 |    51 |    88 |    64 ||   275

Table legend: (Time is in decaauts)
 A = Elapsed time spent in this place.
 B = Non-inter-level travel time spent in this place.
 C = Inter-level travel time spent in this place.
 D = Time resting spent in this place.
 E = Time spent auto-exploring this place.
 F = Levels seen in this place.
 G = Mean time per level.
                   A        B        C        D        E       F      G
               +--------+--------+--------+--------+--------+-----+--------+
         Total |   8886 |   8210 |    676 |    381 |   6245 |  12 |  740.5 |
       Dungeon |   8142 |   7499 |    643 |    297 |   5807 |  10 |  814.2 |
        Temple |    231 |    198 |     33 |      0 |    188 |   1 |  231.0 |
        Bailey |    511 |    511 |      0 |     84 |    250 |   1 |  511.0 |
               +--------+--------+--------+--------+--------+-----+--------+

Top non-repeatable levels by time:
     D:1: 1151 daAuts
     D:5: 1071 daAuts
     D:7: 1062 daAuts
     D:6: 976 daAuts
     D:2: 889 daAuts
     D:9: 841 daAuts
     D:8: 724 daAuts
     D:4: 714 daAuts
     D:3: 554 daAuts
  Bailey: 511 daAuts
  Temple: 231 daAuts
    D:10: 157 daAuts
